Map: Lost and Found LE

Players

MarioMM - Winner!

  • Race: Terran Terran
  • League: Diamond
  • Spawn Location: 7:00

CAPITANPODER

  • Race: Protoss Protoss
  • League: Diamond
  • Spawn Location: 1:00

VOD

Have the link to the VOD?

Description

Time

  • Played on: July 11, 2018, 2:12 a.m.
  • Length: 10:22
Show
View Real Time Build Order
Export as new Build Order

MarioMM Terran - Winner!

Build Orders: 1/1/1, Cyclone Opening, MMM Bio 

Get SALT Encoding   

  12  0:00  SCV  
  13  0:14  Supply Depot  
  13  0:16  SCV  
  14  0:28  Refinery, SCV  
  15  0:40  SCV  
  16  0:46  Barracks  
  16  0:53  SCV  
  16  0:56  Refinery  
  17  1:05  SCV  
  18  1:18  SCV  
  19  1:32  Orbital Command  
  19  1:33  Reaper  
  19  1:38  Factory  
  20  1:49  Supply Depot  
  20  1:59  SCV  
  21  2:05  Reaper  
  22  2:12  SCV  
  23  2:23  Starport  
  23  2:24  SCV, Cyclone  
  27  2:36  SCV  
  28  2:42  Supply Depot  
  28  2:48  SCV  
  29  3:01  SCV  
  29  3:04  Medivac, Cyclone  
  34  3:22  SCV  
  35  3:29  Command Center  
  35  3:30  Supply Depot  
  35  3:34  SCV  
  35  3:35  Liberator, Barracks Reactor  
  35  3:46  SCV  
  41  3:56  Widow Mine  
  41  4:00  Armory  
  41  4:06  SCV, Supply Depot  
  42  4:13  Engineering Bay  
  42  4:20  Engineering Bay  
  42  4:27  Factory Reactor  
  42  4:54  Cyclone x2  
  42  4:56  Orbital Command  
  42  4:58  Barracks  
  48  5:05  Barracks  
  48  5:08  Barracks  
  48  5:09  Starport Reactor, Barracks  
  48  5:10  Barracks Tech Lab  
  48  5:16  Barracks  
  48  5:18  Orbital Command, Starport Reactor  
  48  5:21  SCV  
  46  5:30  Terran Infantry Weapons Level 1  
  46  5:31  Terran Infantry Armor Level 1  
  46  5:39  Marine  
  47  5:45  Stimpack  
  47  5:47  Factory Tech Lab  
  47  5:49  Barracks Tech Lab  
  47  5:53  SCV  
  47  5:55  SCV  
  49  6:08  Barracks Reactor  
  49  6:11  Marine x3  
  49  6:13  SCV x2  
  49  6:15  Refinery  
  49  6:18  Refinery, Starport Reactor  
  54  6:19  Marine x2  
  54  6:20  Marine  
  54  6:22  Marine  
  58  6:29  Combat Shields  
  58  6:32  Marine x2  
  61  6:36  SCV x2  
  61  6:37  Marine  
  61  6:39  Barracks Reactor  
  63  6:40  Marine x3  
  66  6:48  SCV  
  66  6:49  SCV  
  68  6:55  Missile Turret, Marauder  
  68  6:56  Missile Turret  
  70  7:12  Supply Depot  
  70  7:14  Supply Depot  
  70  7:19  Siege Tank, Marine x3, Medivac  
  78  7:24  SCV x2  
  73  7:36  SCV  
  63  7:43  SCV  
  64  7:45  Marine x3, Medivac  
  64  7:46  Marine x3  
  64  7:48  SCV  
  73  7:51  Siege Tank  
  73  7:52  Concussive Shells  
  73  7:55  Marauder  
  78  8:13  Marine x2  
  78  8:14  Marine x4, Marauder  
  78  8:15  Marine  
  78  8:16  Medivac  
  89  8:21  Armory  
  89  8:25  SCV x2  
  91  8:37  SCV  
  81  9:18  Marine x5, Marauder  
  81  9:19  Siege Tank, Marauder  
  93  9:25  Barracks  
  93  9:29  Command Center  
  93  9:44  Medivac  
  93  9:45  Medivac  
  93  9:50  Marine  
  94  10:01  Marine x2, Bunker  
  94  10:06  Bunker  
Show
View Real Time Build Order
Export as new Build Order

CAPITANPODER Protoss 

Build Orders:  

Get SALT Encoding   

  12  0:01  Probe  
  13  0:13  Probe  
  14  0:19  Pylon  
  14  0:25  Probe  
  15  0:37  Probe  
  15  0:39  Gateway  
  16  0:45  Probe  
  16  0:46  Assimilator  
  17  0:53  Probe  
  17  1:03  Probe  
  19  1:15  Probe  
  19  1:18  Pylon  
  20  1:31  Probe  
  21  1:34  Assimilator  
  21  1:39  Cybernetics Core  
  21  1:43  Probe  
  22  1:52  Probe  
  22  1:56  Gateway  
  22  2:00  Probe  
  24  2:17  Robotics Facility  
  24  2:20  Stalker  
  24  2:23  Shield Battery  
  26  2:39  Pylon  
  24  3:05  Immortal  
  23  3:17  Stalker  
  23  3:18  Stalker  
  31  3:23  Warp Gate  
  31  3:29  Probe  
  31  3:41  Probe  
  31  3:46  Nexus  
  32  3:53  Probe  
  33  4:01  Immortal  
  27  4:52  Probe  
  28  4:57  Immortal  
  28  5:02  Probe  
  28  5:04  Probe  
  34  5:14  Probe  
  34  5:16  Probe  
  36  5:26  Probe  
  36  5:28  Pylon  
  37  5:30  Gateway  
  37  5:34  Probe  
  38  5:38  Probe  
  39  5:59  Twilight Council, Probe x2  
  39  6:02  Pylon  
  41  6:11  Probe x2  
  43  6:23  Probe x2  
  46  6:33  Observer  
  46  6:35  Probe x2  
  48  6:41  Templar Archives  
  48  6:43  Gateway  
  48  6:45  Gateway  
  48  6:47  Probe  
  48  6:48  Pylon  
  48  6:51  Probe  
  50  6:59  Probe  
  50  7:00  Pylon  
  51  7:03  Probe  
  51  7:06  Stalker  
  51  7:07  Stalker  
  56  7:09  Stalker  
  56  7:12  Probe  
  59  7:15  Probe  
  60  7:24  Probe  
  47  7:37  Psionic Storm  
  38  7:52  Assimilator  
  38  7:54  Probe x2, Assimilator  
  38  7:56  Observer  
  41  8:05  Zealot x3  
  47  8:06  Zealot x2  
  51  8:16  Probe x2  
  53  8:26  Charge  
  53  8:29  Stalker  
  53  8:30  Stalker x3  
  53  8:32  Stalker  
  41  8:58  Stalker x3  
  41  8:59  Stalker  
  41  9:02  Zealot  
  43  9:10  Probe  
  43  9:11  Probe  
  43  9:16  Pylon  
  45  9:23  Probe x2  
  47  9:30  Zealot  
  47  9:31  Zealot x4  
  55  9:35  Probe x2  
  56  9:55  Pylon  
  56  9:57  Pylon  
  56  9:58  Gateway  
  56  10:01  Gateway  
  52  10:16  Stalker x3  
Tags
 
Add a new tag
Caveats
  • Supply blocks, unpowered buildings, or Contaminate may cause inaccurate times.
  • Supply counts are checked every 10 seconds.